 Dungeon Crawl Stone Soup version 0.29-a0-459-g97dee8cd24 (webtiles) character file.

Game seed: 15456688447305107950

114 holysushi the Charlatan (level 4, 0/30 HPs)
             Began as an Octopode Artificer on May 20, 2022.
             Slain by a gnoll
             ... wielding a +0 halberd
              (8 damage)
             ... on level 3 of the Dungeon.
             The game lasted 00:02:12 (3196 turns).

holysushi the Charlatan (Octopode Artificer)        Turns: 3196, Time: 00:02:12

Health: 0/30       AC:  1    Str: 11    XL:     4   Next: 97%
Magic:  4/4        EV: 13    Int: 13    God:
Gold:   59         SH:  0    Dex: 14    Spells: 3/3 levels left

rFire   + + .      SeeInvis +   q - +6 dagger "Xadwachy" {freeze, *Rage rPois rF++ SInv}
rCold   . . .      Faith    .   (no shield)
rNeg    . . .      Spirit   .   (helmet restricted)
rPois   +          Reflect  .   g - amulet of magic regeneration
rElec   .          Harm     .   (no ring)
rCorr   .          Rampage  .   (no ring)
Will    .....      Rage     20% (no ring)
Stlth   +++.......              (no ring)
HPRegen 0.10/turn               (no ring)
MPRegen 0.49/turn               (no ring)
                                (no ring)
                                (no ring)

@: on berserk cooldown, slowed, very slow
A: almost no armour, amphibious, 8 rings, camouflage 1, gelatinous body 1,
(nimble swimmer 1), tentacles
a: no special abilities


You were on level 3 of the Dungeon.
You visited 1 branch of the dungeon, and saw 3 of its levels.

You collected 59 gold pieces.

Inventory:

Hand Weapons
 k - a +0 dagger
 q - the +6 dagger "Xadwachy" (weapon) {freeze, *Rage rPois rF++ SInv}
   (You found it on level 2 of the Dungeon)

   It freezes those it strikes, dealing additional cold damage.
   It can also slow down cold-blooded creatures.
   rF:        It greatly protects you from fire.
   rPois:     It protects you from poison.
   SInv:      It lets you see invisible.
   *Rage:     It berserks you when you make melee attacks (+20% chance).
Jewellery
 g - an amulet of magic regeneration (around mantle)
 o - a ring of ice
Wands
 b - a wand of flame (15) (quivered)
 c - a wand of charming (15)
 d - a wand of iceblast (9)
 m - a wand of paralysis (9)
Scrolls
 a - a scroll of fog {unknown}
 h - a scroll of immolation {unknown}
 l - 2 scrolls of identify {unknown}
 n - a scroll of brand weapon {unknown}
 p - a scroll of teleportation {unknown}
Potions
 e - 2 potions of curing {unknown}
 f - a potion of mutation {unknown}
 i - 2 potions of attraction {unknown}
 j - a potion of lignification {unknown}


   Skills:
 - Level 2.7 Fighting
 * Level 3.2 Short Blades
 - Level 2.3 Dodging
 - Level 1.3 Stealth
 + Level 3.5 Evocations


You had 3 spell levels left.
You didn't know any spells.
Your spell library was empty.

Dungeon Overview and Level Annotations

Branches:
Dungeon (3/15)

Altars:


Innate Abilities, Weirdness & Mutations

You cannot wear most types of armour.
You are amphibious.
You can wear up to eight rings at the same time.
Your skin changes colour to match your surroundings (Stealth+).
Your rubbery body absorbs attacks. (AC +1, EV +1)
((You are camouflaged when in or above water. (Stealth+)))
You have tentacles for arms and can constrict up to eight enemies at once.


Message History

You climb downwards.
The gnoll shouts!
You hear a shout!
The gnoll shouts!
There is a stone staircase leading up here.
There are monsters nearby!
Unknown command.
The gnoll shouts!
A gnoll comes into view. It is wielding a +0 halberd.
The gnoll misses you.
You hit the gnoll. You freeze the gnoll. You grab the gnoll.
The gnoll is moderately wounded.
You constrict the gnoll, but do no damage.
A red film seems to cover your vision as you go berserk!
You feel yourself moving faster!
You feel mighty!
You puncture the gnoll! You freeze the gnoll.
You kill the gnoll!
Your Short Blades skill increases to level 3!
Unknown command.
The gnoll hits you from afar with a +0 halberd!
You see here a +0 halberd.
You puncture the gnoll! You freeze the gnoll.
You kill the gnoll!
The gnoll throws a throwing net.
The throwing net hits you.
You become entangled in the net!
The gnoll hits you with a +0 halberd.
Things that are here:
a throwing net; a +0 flail; a gnoll corpse You are held in a net!
You are held in a net!
You struggle against the net.
You feel a strong urge to attack something.
The gnoll hits you with a +0 halberd! The gnoll barely misses you.
You struggle against the net.
You rip the net and break free!
You feel your anger nearly subside.
You are no longer berserk.
You are exhausted.
You feel yourself slow down. The gnoll completely misses you.
The gnoll hits you from afar with a +0 spear.
* * * LOW HITPOINT WARNING * * *
You closely miss the gnoll. You grab the gnoll. You constrict the gnoll.
The gnoll hits you with a +0 halberd!
You die...

### .. #.
#.#######
#.@).<..#
#.gg....#.#
#......###.#
# ######.
#.# #. #.#
#. #.# #.
#.# #. ...


You could see 2 gnolls.

Vanquished Creatures
  2 gnolls (D:3)
  5 adders
  A worm (D:2)
  2 dart slugs
  5 endoplasms
  2 giant cockroaches
  5 goblins
  4 hobgoblins
  2 jackals (D:1)
  A kobold (D:2)
  2 quokkas (D:2)
  8 ball pythons
  2 bats (D:1)
  4 rats
45 creatures vanquished.

Vanquished Creatures (others)
  2 plants (D:1)
2 creatures vanquished.

Grand Total: 47 creatures vanquished

Notes
Turn   | Place    | Note
-------+----------+-------------------------------------------
     0 | D:1      | holysushi the Octopode Artificer began the quest for the
                  | Orb.
     0 | D:1      | Reached XP level 1. HP: 13/13 MP: 1/1
   377 | D:1      | Found a faded altar of an unknown god.
   603 | D:1      | Reached XP level 2. HP: 17/19 MP: 2/2
  1507 | D:1      | Reached skill level 1 in Short Blades
  1507 | D:1      | Reached XP level 3. HP: 16/25 MP: 3/3
  2020 | D:2      | Reached XP level 4. HP: 26/30 MP: 4/4
  3111 | D:2      | Identified the +6 dagger "Xadwachy" {freeze, *Rage rPois
                  | rF++ SInv}
  3196 | D:3      | Slain by a gnoll

Illustrated notes

Levels and vault maps discovered:
D:1:      elethiomel_arrival_infinity_welcomes_careful_drivers,
          layout_loops_ring, basic_ecumenical_altar, serial_forest,
          infiniplex_forest_clump_double, infiniplex_forest_side_room,
          infiniplex_forest_clump_curved, infiniplex_forest_straight_4,
          infiniplex_forest_join, infiniplex_forest_corner_1
D:2:      layout_loops_corners
D:3:      layout_loops_corners

Skill      XL: |  1  2  3  4 |
---------------+-------------+-----
Fighting       | 2 |  2.7
Short Blades   | 1 2 3 |  3.2
Dodging        | |  2.3
Stealth        | |  1.3
Evocations     | |  3.5

Action                   |  1- 3 |  4- 6 || total
-------------------------+-------+-------++-------
Melee: Unarmed           |    46 |       ||    46
       Constrict         |    22 |     9 ||    31
       Tentacles         |    14 |     5 ||    19
       Dagger            |    28 |    43 ||    71
 Stab: Sleeping          |     4 |     1 ||     5
Armor: Skin              |     2 |     1 ||     3
Dodge: Dodged            |    45 |    29 ||    74

Table legend: (Time is in decaauts)
 A = Elapsed time spent in this place.
 B = Non-inter-level travel time spent in this place.
 C = Inter-level travel time spent in this place.
 D = Time resting spent in this place.
 E = Time spent auto-exploring this place.
 F = Levels seen in this place.
 G = Mean time per level.
                   A        B        C        D        E       F      G
               +--------+--------+--------+--------+--------+-----+--------+
         Total |   3187 |   3029 |    158 |    869 |   1813 |   3 | 1062.3 |
       Dungeon |   3187 |   3029 |    158 |    869 |   1813 |   3 | 1062.3 |
               +--------+--------+--------+--------+--------+-----+--------+

Top non-repeatable levels by time:
     D:1: 1839 daAuts
     D:2: 1340 daAuts
     D:3: 7 daAuts
